 Dungeon Crawl Stone Soup version 0.29-a0-322-g68df515428 (webtiles) character file.

Game seed: 17346727377889477021

39 BritishOli the Skirmisher (level 3, 29/29 HPs)
             Began as a Demonspawn Monk on Apr 9, 2022.
             Got out of the dungeon alive.
             The game lasted 00:01:16 (1711 turns).

BritishOli the Skirmisher (Demonspawn Monk)         Turns: 1711, Time: 00:01:16

Health: 29/29      AC:  2    Str: 13    XL:     3   Next: 26%
Magic:  3/3        EV: 13    Int: 11    God:
Gold:   94         SH:  5    Dex: 17    Spells: 2/2 levels left

rFire   . . .      SeeInvis .   a - +0 falchion
rCold   . . .      Faith    .   (no shield)
rNeg    . . .      Spirit   .   b - +0 robe
rPois   .          Reflect  +   (no helmet)
rElec   .          Harm     .   (no cloak)
rCorr   +          Rampage  .   (no gloves)
Will    .....                   (no boots)
Stlth   +++.......              f - amulet of reflection
HPRegen 0.09/turn               k - ring of resist corrosion
MPRegen 0.08/turn               (no ring)

@: no status effects
A: claws 1, thin skeletal structure 1
a: no special abilities


You escaped.
You visited 1 branch of the dungeon, and saw 2 of its levels.

You collected 94 gold pieces.

Inventory:

Hand Weapons
 a - a +0 falchion (weapon)
Missiles
 d - 5 boomerangs of dispersal (quivered)
Armour
 b - a +0 robe (worn)
Jewellery
 f - an amulet of reflection (around neck)
 k - a ring of resist corrosion (left claw)
Scrolls
 e - 2 scrolls of identify {unknown}
 h - a scroll of enchant weapon {unknown}
 i - a scroll of teleportation {unknown}
 j - a scroll of immolation {unknown}
 l - a scroll of torment {unknown}
Potions
 c - a potion of ambrosia
 g - 2 potions of haste {unknown}
 m - a potion of heal wounds {unknown}
 n - a potion of curing {unknown}


   Skills:
 + Level 3.3 Fighting
 + Level 3.0 Long Blades
 + Level 3.1 Dodging
 + Level 2.3 Stealth


You had 2 spell levels left.
You didn't know any spells.
Your spell library was empty.

Dungeon Overview and Level Annotations

Branches:
Dungeon (2/15)

Altars:


Innate Abilities, Weirdness & Mutations

You have sharp fingernails.
You have a somewhat thin skeletal structure. (Dex +2, Stealth+)


Message History

The kobold is severely wounded.
The kobold closely misses you.
You hit the kobold.
You kill the kobold!
Found a stone staircase leading down.
The adder bites you but does no damage.
You hit the adder.
The adder is lightly wounded.
You block the adder's attack. The adder barely misses you.
You hit the adder.
The adder is severely wounded.
The adder misses you.
You closely miss the adder.
The adder is severely wounded.
The adder bites you but does no damage. The adder bites you.
You are poisoned.
The adder poisons you!
You closely miss the adder.
The adder is severely wounded.
You feel sick. The adder bites you.
You slash the adder!
You kill the adder!
You feel sick.
No target in view!
No target in view!
(D) Dungeon
Where to? (Enter - D:2, ? - help)
You feel sick.
You feel sick.
You feel sick.
You are no longer poisoned.
There is an open door here.
There is an open door here.
There is a stone staircase leading up here.
You climb upwards.
There is a stone staircase leading down here.
There is an open door here.
There is an open door here.
There is a staircase leading out of the dungeon here.
Are you sure you want to leave the Dungeon?
This will make you lose the game!
You have escaped!

##..#######..........#
#.>..................#
.........##..###.....##########
.....###.#########............#
#..#'#...........###.########.#
#.##.#...........# #.# #.#
#.##+#.#..#..#...###.# #.#
.....+.§≈........#...#### #.#
#.####.8........@#......# #.#
#....+..≈........######.# #.#
####'#.#..#..#...# #.# #.# ##
#.#...........# #.#####.###
.###'#...........######..........
.....###.#########...##.#####.###
.###.#.#.# ###.##.# #.### .#
#.#...# #.##.# #.... .# #.....#
#.##.# ####.


There were no monsters in sight!

Vanquished Creatures
  An adder (D:2)
  A worm (D:2)
  A dart slug (D:1)
  2 ball pythons (D:1)
  4 endoplasms
  2 giant cockroaches
  2 hobgoblins
  A quokka (D:2)
  4 bats
  2 frilled lizards (D:1)
  A kobold (D:2)
  3 rats
24 creatures vanquished.

Notes
Turn   | Place    | Note
-------+----------+-------------------------------------------
     0 | D:1      | BritishOli the Demonspawn Monk began the quest for the Orb.
     0 | D:1      | Reached XP level 1. HP: 18/18 MP: 1/1
   522 | D:1      | Gained mutation: You have sharp fingernails. [demonic
                  | ancestry]
   522 | D:1      | Reached XP level 2. HP: 23/24 MP: 2/2
  1539 | D:2      | Gained mutation: You have a somewhat thin skeletal
                  | structure. (Dex +2, Stealth+) [demonic ancestry]
  1539 | D:2      | Reached XP level 3. HP: 29/29 MP: 3/3
  1711 | D:$      | Got out of the dungeon alive.

Illustrated notes

Levels and vault maps discovered:
D:1:      shiori_arrival_oz, layout_loops_ring, kennysheep_another_room
D:2:      layout_basic

Skill      XL: |  1  2 |
---------------+-------+-----
Stealth        | 2 |  2.3
Dodging        | 3 |  3.1
Long Blades    | 3 |  3.0
Fighting       | |  3.3

Action                   || total
-------------------------++-------
Melee: Falchion          ||    74
       Punch             ||     1
 Stab: Sleeping          ||     3
Armor: Robe              ||    12
Dodge: Dodged            ||    33
Block: Other             ||    20
       Reflection        ||     1

Table legend: (Time is in decaauts)
 A = Elapsed time spent in this place.
 B = Non-inter-level travel time spent in this place.
 C = Inter-level travel time spent in this place.
 D = Time resting spent in this place.
 E = Time spent auto-exploring this place.
 F = Levels seen in this place.
 G = Mean time per level.
                   A        B        C        D        E       F      G
               +--------+--------+--------+--------+--------+-----+--------+
         Total |   1721 |   1528 |    193 |      0 |   1307 |   2 |  860.5 |
       Dungeon |   1721 |   1528 |    193 |      0 |   1307 |   2 |  860.5 |
               +--------+--------+--------+--------+--------+-----+--------+

Top non-repeatable levels by time:
     D:1: 1039 daAuts
     D:2: 682 daAuts
